AoeStats
← Sax

Arabia

509639809Analyzed
1v1 RM · 6d ago on Sep 27, 2026· 27m 5s· 2 players
Game mode
Random Map
Map size
Tiny (2 player)
Population
200
Speed
Normal
Resources
Standard
Victory
Conquest
Starting age
Dark Age
Ending age
Imperial Age
RankedLock teamsTeams togetherTeam positionsShared explorationLock speedFull tech treeHidden civsTurbo modeCheats
Victory
Defeat
🇦🇹 Maya · Austria
1133
+16
🇷🇺 Britons · Russia
1136
-43
Thrun, the Last Troll
0:35 Loom
9:13 Feudal Age
10:04 Double-Bit Axe
12:40 Town Watch
15:18 Fletching
16:53 Padded Archer Armor
17:06 Horse Collar
26:04 Castle Age
26:03 Forging
26:12 Crossbowman
27:02 Bodkin Arrow
27:23 Leather Archer Armor
Sax
10:33 Feudal Age
8:54 Loom
11:52 Double-Bit Axe
11:54 Horse Collar
17:56 Wheelbarrow
24:47 Padded Archer Armor
24:40 Fletching
Connection lost

Rejoining the realm…

Still unreachable

The connection could not be restored.

Session expired

The server has moved on; the page needs a fresh start.